Map: Lerilak Crest

Players

AzTno

  • Race: Zerg Zerg
  • League: Diamond

EvE - Winner!

  • Race: Terran Terran
  • League: Diamond

VOD

Have the link to the VOD?

Description

Time

  • Played on: Jan. 12, 2016, 12:44 p.m.
  • Length: 14:18
Show
View Real Time Build Order
Export as new Build Order

AzTno Zerg 

Build Orders: Hatch First 

Get SALT Encoding   

  12  0:02  Drone  
  13  0:12  Overlord  
  13  0:17  Drone  
  14  0:31  Drone x2  
  16  0:40  Drone  
  17  0:54  Hatchery  
  16  0:58  Drone  
  16  1:00  Drone  
  16  1:04  Extractor  
  17  1:17  Spawning Pool  
  16  1:20  Drone  
  16  1:24  Drone  
  18  1:31  Drone  
  19  1:41  Overlord  
  19  2:04  Queen  
  19  2:05  Zergling x4  
  23  2:10  Queen  
  23  2:13  Metabolic Boost  
  23  2:15  Drone  
  26  2:16  Drone  
  26  2:18  Drone  
  28  2:24  Overlord  
  28  2:43  Baneling Nest  
  28  2:44  Zergling x8  
  31  2:57  Drone x2  
  33  3:11  Zergling x2  
  33  3:27  Zergling x4  
  33  3:28  Zergling x2  
  33  3:31  Overlord  
  34  3:59  Roach Warren  
  34  4:01  Hatchery  
  34  4:02  Drone x2  
  34  4:03  Drone, Zergling x12  
  34  4:04  Zergling x4  
  43  4:15  Drone, Overlord  
  42  4:33  Zergling x6  
  42  4:34  Zergling x4  
  42  4:36  Drone x2  
  42  4:37  Drone  
  47  4:47  Drone x4  
  50  5:01  Zergling x4  
  51  5:07  Spore Crawler  
  51  5:10  Spore Crawler, Drone  
  51  5:11  Drone x2  
  50  5:15  Baneling x5  
  50  5:16  Baneling x3  
  46  5:23  Lair  
  38  5:40  Zergling x8  
  37  5:51  Zergling x10  
  37  5:52  Zergling x6  
  43  6:01  Drone x2  
  43  6:02  Drone  
  43  6:03  Drone  
  43  6:05  Drone  
  44  6:14  Drone x3  
  47  6:21  Drone x2  
  49  6:28  Roach x2  
  49  6:29  Roach  
  55  6:35  Hydralisk Den  
  50  6:49  Drone x2  
  50  6:50  Roach x2  
  50  6:53  Drone x4  
  58  6:56  Extractor x2  
  58  6:59  Overlord  
  58  7:00  Overlord  
  55  7:06  Glial Reconstitution  
  54  7:10  Overseer  
  54  7:14  Drone x3, Extractor x2  
  55  7:17  Hydralisk  
  55  7:21  Hydralisk  
  59  7:34  Queen  
  59  7:36  Hydralisk x2  
  62  7:42  Drone x3  
  62  7:43  Drone  
  68  7:47  Spore Crawler  
  68  7:51  Spore Crawler  
  63  7:58  Hydralisk  
  60  8:04  Drone  
  60  8:05  Drone x2  
  62  8:09  Drone  
  62  8:10  Drone x2  
  66  8:23  Drone  
  66  8:24  Drone x5  
  71  8:35  Overlord x2  
  71  8:37  Roach  
  73  8:48  Evolution Chamber  
  72  8:56  Drone  
  72  8:57  Drone x2  
  72  9:01  Roach  
  77  9:04  Hatchery, Roach  
  77  9:05  Overlord  
  75  9:14  Roach x3  
  81  9:20  Zerg Ground Armor Level 1  
  81  9:25  Ravager  
  81  9:26  Ravager x5  
  81  9:28  Drone x3  
  90  9:32  Drone x2  
  90  9:33  Zergling x2  
  90  9:35  Zergling x2  
  94  9:48  Roach x2  
  94  9:49  Overlord x3  
  98  9:54  Overseer  
  98  9:55  Overlord  
  97  10:16  Queen  
  97  10:18  Drone  
  97  10:19  Drone x2  
  101  10:22  Drone x4  
  101  10:27  Roach x7  
  101  10:28  Overlord, Roach  
  121  10:31  Muscular Augments  
  121  10:40  Ravager x3  
  121  10:41  Ravager  
  121  10:42  Roach  
  127  10:45  Drone  
  128  10:54  Roach x2  
  128  10:55  Roach x2  
  135  11:11  Overlord x4  
  135  11:21  Roach  
  135  11:22  Overlord  
  135  11:23  Overlord x9  
  135  11:32  Roach  
  137  11:33  Roach x4  
  143  11:42  Hydralisk  
  143  11:43  Hydralisk x3  
  150  12:05  Roach x11  
  150  12:06  Roach  
  174  12:15  Roach x5  
  174  12:23  Roach  
  174  12:24  Roach x3  
  182  12:30  Infestation Pit  
  181  12:51  Roach x2  
  181  12:52  Roach x2  
  181  12:53  Roach x4  
  156  13:07  Roach x5  
  156  13:09  Roach  
  108  13:16  Roach  
  108  13:17  Roach x2  
  97  13:21  Zergling x6  
  97  13:22  Zergling x2  
  95  13:43  Roach  
  95  13:44  Roach x5  
  107  13:50  Roach  
  107  13:51  Zergling x2  
Show
View Real Time Build Order
Export as new Build Order

EvE Terran - Winner!

Build Orders: Hellion Banshee, MMM Bio 

Get SALT Encoding   

  12  0:01  SCV  
  13  0:13  SCV  
  14  0:19  Supply Depot  
  14  0:25  SCV  
  15  0:40  SCV  
  15  0:41  Barracks  
  16  0:47  Refinery  
  16  0:52  SCV  
  17  1:07  SCV  
  18  1:20  SCV  
  19  1:32  Orbital Command, Marine  
  20  1:45  Command Center  
  20  1:59  SCV  
  21  2:03  Factory  
  21  2:10  Barracks Reactor  
  21  2:11  SCV  
  22  2:18  Supply Depot  
  22  2:23  SCV  
  23  2:33  Refinery  
  23  2:39  SCV  
  24  2:50  Starport  
  24  2:52  SCV  
  25  3:00  Barracks Tech Lab, Hellion  
  25  3:01  Hellion  
  25  3:04  SCV  
  30  3:05  Orbital Command  
  30  3:16  SCV  
  33  3:27  Hellion x2  
  33  3:28  SCV  
  33  3:31  SCV  
  37  3:38  Barracks Tech Lab  
  37  3:40  SCV  
  38  3:43  SCV  
  36  3:48  Banshee, Cloaking Field  
  36  3:52  SCV  
  36  3:55  SCV  
  40  4:04  SCV  
  40  4:06  Stimpack  
  40  4:07  SCV  
  42  4:17  SCV  
  43  4:19  SCV  
  44  4:29  Hellion x2  
  46  4:44  SCV x2  
  45  4:50  Command Center  
  36  4:56  SCV  
  34  5:06  Banshee  
  40  5:14  Hellion x2  
  38  5:30  Marine  
  38  5:33  SCV  
  38  5:35  Hellion x2  
  41  5:37  Orbital Command  
  40  5:48  Marine  
  37  6:00  Supply Depot  
  37  6:01  SCV  
  38  6:09  Orbital Command  
  42  6:14  SCV  
  39  6:20  Starport Reactor  
  39  6:23  Barracks  
  39  6:28  Orbital Command  
  39  6:30  Hellion  
  39  6:31  Supply Depot  
  40  6:35  Barracks  
  40  6:45  SCV  
  40  6:46  SCV  
  44  6:56  Siege Tank  
  44  6:57  SCV  
  44  6:58  SCV, Medivac  
  49  7:02  Medivac  
  51  7:08  SCV  
  51  7:13  SCV  
  51  7:14  SCV  
  54  7:22  Engineering Bay  
  54  7:23  SCV, Barracks Reactor  
  54  7:25  SCV  
  54  7:28  Siege Tank  
  59  7:36  SCV  
  59  7:37  SCV  
  61  7:41  Supply Depot x2  
  61  7:44  SCV  
  61  7:48  SCV  
  61  7:49  SCV  
  61  7:50  Terran Infantry Weapons Level 1, Supply Depot  
  64  7:56  SCV  
  65  8:01  SCV x2  
  65  8:04  Siege Tank  
  70  8:08  SCV  
  71  8:13  SCV x2  
  71  8:17  Supply Depot x2  
  71  8:19  Marine  
  70  8:20  Engineering Bay, Marine x3  
  70  8:21  SCV  
  70  8:25  SCV  
  76  8:46  Marine x5  
  81  8:48  Orbital Command  
  81  8:51  Barracks  
  81  8:52  Barracks  
  81  8:53  Barracks  
  81  8:54  Supply Depot  
  81  8:56  Armory  
  81  8:58  Supply Depot, Siege Tank  
  81  9:02  Refinery  
  84  9:03  Marine  
  84  9:04  Marine x3  
  84  9:05  Refinery  
  84  9:09  SCV x2  
  90  9:14  SCV  
  91  9:20  Combat Shields  
  91  9:21  SCV x2  
  91  9:22  Marine x2, Marauder  
  97  9:27  SCV  
  97  9:30  Siege Tank  
  101  9:33  SCV, Missile Turret  
  101  9:35  Missile Turret  
  102  9:43  Marauder  
  104  9:46  SCV x2  
  104  9:47  SCV  
  104  9:52  Marine x3  
  110  9:53  Barracks Reactor, Barracks Tech Lab x2  
  110  9:54  Terran Infantry Weapons Level 2  
  110  9:55  Terran Infantry Armor Level 1  
  110  9:57  Supply Depot  
  110  9:58  SCV x2, Medivac  
  110  9:59  SCV  
  115  10:02  Siege Tank  
  118  10:10  Supply Depot, SCV  
  118  10:11  SCV x2, Supply Depot  
  118  10:13  Supply Depot  
  121  10:23  SCV x3  
  121  10:25  Medivac  
  126  10:29  Factory  
  126  10:31  Barracks, Marauder x2  
  126  10:32  Barracks  
  126  10:35  SCV, Siege Tank  
  134  10:43  SCV x2  
  134  10:44  Factory  
  134  10:47  SCV, Refinery  
  134  10:48  Refinery  
  137  10:53  Marine x3  
  137  10:55  SCV x2, Marauder x2, Marine  
  147  10:58  Marine  
  147  11:04  Missile Turret  
  148  11:06  Marine x2  
  150  11:22  Marauder x2, Marine x4  
  150  11:24  Marauder  
  156  11:27  Marine  
  156  11:28  Marine x2  
  157  11:42  Supply Depot  
  157  11:43  Marine x4  
  157  11:44  Marauder x2  
  165  12:00  Marauder  
  165  12:01  Marine  
  165  12:05  Marauder x2  
  168  12:09  Marine x3  
  171  12:22  Marauder  
  171  12:26  Marauder  
  173  12:32  Supply Depot  
  173  12:34  Supply Depot  
  173  12:35  Supply Depot x2  
  173  12:54  Marauder x2, Marine x4  
  173  12:55  Marine x4  
  173  12:56  Marauder  
  172  13:12  Marine x4  
  148  13:16  Marauder x2  
  148  13:17  Marauder  
  148  13:25  Marine x3  
  146  13:34  Marine x3  
  146  13:35  Marine x2  
  146  13:36  Medivac x2  
  146  13:37  Siege Tank, Marauder x2  
  146  13:39  Marauder  
  161  13:43  Marine  
  158  13:49  Marine x2  
  158  13:52  Marine x2  
  158  13:55  Marine x3  
Tags
 
Add a new tag
Caveats
  • Supply blocks, unpowered buildings, or Contaminate may cause inaccurate times.
  • Supply counts are checked every 10 seconds.